 Dungeon Crawl Stone Soup version 0.32-a0-660-g97ce250973 (webtiles) character file.

Game seed: 12726636275021861587

6760 Gargoyl the Protected (level 11, -4/60 HPs)
             Began as a Gargoyle Berserker on Mar 9, 2024.
             Was an Elder of Trog.
             Slain by a yak (12 damage)
             ... on level 10 of the Dungeon.
             The game lasted 00:12:34 (9060 turns).

Gargoyl the Protected (Gargoyle Berserker)          Turns: 9060, Time: 00:12:35

Health: -4/60      AC: 26    Str: 22    XL:     11   Next: 4%
Magic:  11/11      EV: 11    Int:  4    God:    Trog [****..]
Gold:   1021       SH:  0    Dex: 17    Spells: 10/10 levels left

rFire   + . .        s - +5 rapier (venom)
rCold   . . .        (no shield)
rNeg    + . .        h - +4 chain mail of Tulocuax {-Tele rElec Int-3 Dex+4}
rPois   ∞            (no helmet)
rElec   +            (no cloak)
rCorr   .            w - +1 pair of gloves
SInv    .            (no boots)
Will    .....        (no amulet) Stlth
                     o - ring of protection from fire
HPRegen 0.30/turn    (no ring)
MPRegen 0.12/turn

%: no teleportation, clarity
@: on berserk cooldown, slowed, very slow
A: sickness immunity, AC +8, negative energy resistance 1, electricity
resistance, torment resistance 1, petrification resistance, clarity, frail 1,
subdued magic 1
a: Renounce Religion, Berserk, Trog's Hand, Brothers in Arms


You were on level 10 of the Dungeon.
You worshipped Trog.
Trog was greatly pleased with you.
You visited 1 branch of the dungeon, and saw 10 of its levels.
You also visited: Ossuary.

You collected 1021 gold pieces.

Inventory:

Hand Weapons
 a - a +0 hand axe of protection
 r - a +0 war axe
 s - a +5 rapier of venom (weapon)
Missiles
 f - 17 poisoned darts
 j - a curare-tipped dart (quivered)
Armour
 c - a +1 plate armour
 h - the +4 chain mail of Tulocuax (worn) {-Tele rElec Int-3 Dex+4}
   (You found it on level 2 of the Dungeon)

   Int-3:     It affects your intelligence (-3).
   Dex+4:     It affects your dexterity (+4).
   rElec:     It insulates you from electricity.
   -Tele:     It prevents most forms of teleportation.
 w - a +1 pair of gloves (worn)
Jewellery
 o - a ring of protection from fire (left hand)
 y - a ring of magical power
Wands
 g - a wand of iceblast (19)
 v - a wand of light (9)
 C - a wand of mindburst (2)
Scrolls
 b - 3 scrolls of poison
 u - 7 scrolls of teleportation
 x - a scroll of identify
 A - a scroll of vulnerability
 B - a scroll of blinking
Potions
 d - 7 potions of might
 e - 6 potions of mutation
 i - 3 potions of lignification
 k - a potion of berserk rage
 l - 2 potions of haste
 m - a potion of ambrosia
 n - a potion of invisibility
 p - 5 potions of heal wounds
 q - 2 potions of attraction
 t - 7 potions of curing
 z - a potion of enlightenment


   Skills:
 + Level 7.4 Fighting
 + Level 7.4 Short Blades
 + Level 7.6 Axes
 + Level 9.9 Armour
 + Level 4.7 Dodging
 + Level 1.0 Stealth


You had 10 spell levels left.
You didn't know any spells.
Your spell library was empty.

Dungeon Overview and Level Annotations

Branches:
Dungeon (10/15)            Temple (0/1) D:6         Ossuary (visited)
   Lair: D:8-11         Orc: D:9-12

Altars:
Elyvilon
Fedhas
Nemelex Xobeh
Trog
The Shining One

Shops:
D:1 [   D:6 (

Annotations:
D:3 1 transporter


Innate Abilities, Weirdness & Mutations

You are immune to sickness and miasma.
Your stone body is resilient. (AC +8)
You are immune to poison.
You resist negative energy. (rN+)
You are resistant to electric shocks. (rElec)
You are resistant to unholy torment.
You are immune to petrification.
You possess an exceptional clarity of mind.
You are frail. (-10% HP)
Your spells are a little easier to cast, but a little less powerful.


Message History

The slime creature is almost dead.
The slime creature hits you but does no damage.
Unknown command.
You barely miss the slime creature.
The slime creature is almost dead.
The slime creature hits you!
* * * LOW HITPOINT WARNING * * *
You puncture the slime creature!
You kill the slime creature!
Trog accepts your kill.
You can now call in reinforcements.
Unknown command.
A yak comes into view.
The yak bellows!
You hear a bellow! x3
Unknown command.
A yak comes into view.
You feel a strong urge to attack something. 2 yaks come into view.
You are no longer berserk.
You are exhausted.
You feel yourself slow down.
The yak bellows! x2; You hear a bellow!
You hear a shout!
A yak comes into view. x3
You hear a bellow!
The yak bellows!
You start removing your armour.
You continue removing the +4 chain mail of Tulocuax {-Tele rElec Int-3 Dex+4}.
The yak bellows! x2; You hear a bellow!
The yak gores you.
* * * LOW HITPOINT WARNING * * *
You continue removing the +4 chain mail of Tulocuax {-Tele rElec Int-3 Dex+4}.
The yak completely misses you.
The yak gores you but does no damage. x2
You continue removing the +4 chain mail of Tulocuax {-Tele rElec Int-3 Dex+4}.
The yak bellows!
The yak barely misses you.
You continue removing the +4 chain mail of Tulocuax {-Tele rElec Int-3 Dex+4}.
The yak barely misses you. The yak gores you but does no damage.
The yak completely misses you. The yak gores you but does no damage.
The yak completely misses you. The yak gores you but does no damage.
The yak gores you!
You die...

#.......
##.....W.
........
.##..Y.Y#
......Y.##
#..(.YYY#
#....YYY#
#...YY@Y#
##.....##
##....##
####..## ##..#
##.## .## #..#
....####.#######
#............#


You could see 12 yaks and a shadow.

Vanquished Creatures
  Pikel (D:5)
  A troll (D:9)
  4 slime creatures (D:10)
  Eustachio (D:5)
  3 wyverns
  6 yaks (D:8)
  A steam dragon (D:7)
  2 water moccasins
  2 black bears
  A sky beast (D:7)
  2 ice beasts
  2 ogres
  A lemure (D:5)
  7 centaurs
  3 bullfrogs
  2 kobold brigands
  2 scorpions
  3 wights
  14 killer bees (D:8)
  4 howler monkeys (D:8)
  A bombardier beetle (D:2)
  2 hounds (D:6)
  7 orc priests
  3 jellies
  Ijyb (D:5)
  12 orc wizards
  8 mummies (Ossuary)
  5 adders
  4 ufetubi
  A ribbon worm (D:3)
  27 orcs
  7 bats
  3 endoplasms (D:2)
  3 giant cockroaches (D:2)
  4 goblins
  2 hobgoblins (D:3)
  2 jackals (D:2)
  10 kobolds
  A quokka (D:4)
  9 ball pythons
  A frilled lizard (D:3)
  2 hobgoblin zombies (Ossuary)
  2 kobold zombies (Ossuary)
  4 orc zombies (Ossuary)
  4 rats
187 creatures vanquished.

Notes
Turn   | Place    | Note
-------+----------+-------------------------------------------
     0 | D:1      | Gargoyl the Gargoyle Berserker began the quest for the Orb.
     0 | D:1      | Reached XP level 1. HP: 14/14 MP: 1/1
   278 | D:1      | Reached XP level 2. HP: 18/19 MP: 2/2
   790 | D:1      | Found Tij Kero's Antique Armour Emporium.
   979 | D:2      | Noticed a bombardier beetle
   989 | D:2      | Killed a bombardier beetle
   990 | D:2      | Reached XP level 3. HP: 14/24 MP: 3/3
  1299 | D:2      | Reached XP level 4. HP: 29/29 MP: 4/4
  1430 | D:2      | Identified the +4 chain mail of Tulocuax {-Tele rElec Int-3
                  | Dex+4}
  1484 | D:2      | Noticed a phantom
  1781 | D:3      | Reached skill level 3 in Armour
  1790 | D:3      | Reached ** piety under Trog
  2155 | D:3      | Found a sparkling altar of Nemelex Xobeh.
  2155 | D:3      | Found a transporter.
  2196 | D:3      | Found a blossoming altar of Fedhas.
  2232 | D:3      | Reached XP level 5. HP: 33/33 MP: 5/5
  3261 | D:5      | Entered Level 5 of the Dungeon
  3261 | D:5      | Noticed a black bear
  3270 | D:5      | Killed a black bear
  3271 | D:5      | Reached XP level 6. HP: 39/39 MP: 6/6
  3335 | D:5      | Gained mutation: You are strong-willed. (Will+) [potion of
                  | mutation]
  3335 | D:5      | Gained mutation: Your body sometimes deteriorates upon
                  | taking damage. [potion of mutation]
  3336 | D:5      | Lost mutation: You are strong-willed. (Will+) [potion of
                  | mutation]
  3336 | D:5      | Lost mutation: Your body sometimes deteriorates upon taking
                  | damage. [potion of mutation]
  3336 | D:5      | Gained mutation: You possess an exceptional clarity of
                  | mind. [potion of mutation]
  3336 | D:5      | Gained mutation: Your spells are a little easier to cast,
                  | but a little less powerful. [potion of mutation]
  3336 | D:5      | Gained mutation: You are frail. (-10% HP) [potion of
                  | mutation]
  3339 | D:5      | Noticed an ice beast
  3360 | D:5      | Killed an ice beast
  3361 | D:5      | Reached skill level 4 in Armour
  3417 | D:5      | Noticed Pikel
  3475 | D:5      | Killed Pikel
  3476 | D:5      | Reached skill level 5 in Axes
  3476 | D:5      | Reached skill level 5 in Armour
  3476 | D:5      | Reached XP level 7. HP: 34/39 MP: 7/7
  3542 | D:5      | Reached skill level 5 in Fighting
  3544 | D:5      | Noticed Eustachio
  3548 | D:5      | Noticed Ijyb
  3555 | D:5      | Killed Eustachio
  3556 | D:5      | Reached XP level 8. HP: 44/44 MP: 8/8
  3562 | D:5      | Killed Ijyb
  4043 | D:6      | Found a staircase to the Ecumenical Temple.
  4144 | D:6      | Reached skill level 6 in Armour
  4267 | D:6      | Found a bloodstained altar of Trog.
  4361 | D:6      | Found Uheogare's Antique Weapon Shoppe.
  4490 | D:6      | Found a glowing golden altar of the Shining One.
  4548 | D:6      | Reached skill level 1 in Short Blades
  4898 | D:7      | Reached XP level 9. HP: 45/49 MP: 9/9
  4954 | D:6      | Reached skill level 7 in Armour
  5294 | D:7      | Found a sand-covered staircase.
  5303 | Ossuary  | Entered an ossuary
  6344 | D:8      | Reached skill level 8 in Armour
  6357 | D:8      | Reached skill level 1 in Stealth
  6357 | D:8      | Reached XP level 10. HP: 52/54 MP: 10/10
  6364 | D:8      | Reached skill level 5 in Short Blades
  7245 | D:8      | Reached *** piety under Trog
  7456 | D:8      | Reached skill level 9 in Armour
  8470 | D:9      | Found a white marble altar of Elyvilon.
  8947 | D:10     | Entered Level 10 of the Dungeon
  8978 | D:10     | Reached **** piety under Trog
  9049 | D:10     | Reached XP level 11. HP: 29/60 MP: 11/11
  9060 | D:10     | Slain by a yak

Illustrated notes

Levels and vault maps discovered:
D:1:      tarquinn_simple_flora_water_a, layout_basic, serial_shops,
          nicolae_shop_behind_doors, minmay_pentomino_r4
D:2:      layout_loops_ring, lightli_corner_chamber
D:3:      layout_basic, grunt_nemelex_the_gamble, fedhas_altar_2,
          minmay_randomly_rotated_circles
D:4:      nicolae_cairo_tiling, layout_cave_pods
D:5:      layout_rooms, chequers_serial_rivers_small_a, dk_rats_in_the_wall,
          uniq_eustachio, uniq_pikel, uniq_ijyb
D:6:      layout_rooms, amcnicky_altar_gilded, tso_oasis_becter,
          minmay_temple_entry_statues_fountains, serial_shops, shop
D:7:      wad_crossroads, layout_gridville,
          lightli_ossuary_entry_decrepit_ruins, centaur_isle
D:8:      layout_basic
D:9:      layout_irregular_city, elyvilon_altar_1
D:10:     layout_rooms, nzn_wu_jian_council_hall, minmay_orc_entry_temple_small

Skill      XL: |  1  2  3  4  5  6  7  8  9 10 |
---------------+-------------------------------+-----
Axes           | 3 4 5 6 7 |  7.6
Fighting       | 4 5 6 7 |  7.4
Armour         | 3 5 6 8 9 |  9.9
Dodging        | 2 3 4 |  4.7
Short Blades   | 2 4 7 |  7.4
Stealth        | 1 |  1.0

Action                     |  1- 3 |  4- 6 |  7- 9 | 10-12 || total
---------------------------+-------+-------+-------+-------++-------
  Melee: Hand axe          |    76 |   168 |    98 |       ||   342
         Rapier            |       |       |   165 |   268 ||   433
 Invoke: Berserk           |     2 |     5 |     9 |     3 ||    19
         Trog's Hand       |       |     2 |     4 |       ||     6
    Use: Scroll            |     2 |     7 |    12 |     1 ||    22
         Potion            |       |     2 |     6 |       ||     8
 Armour: Plate armour      |    62 |     4 |       |       ||    66
         Animal skin       |     7 |       |       |       ||     7
         Chain mail        |       |   155 |   305 |   264 ||   724
  Dodge: Dodged            |    33 |    83 |   206 |   138 ||   460

Table legend: (Time is in decaauts)
 A = Elapsed time spent in this place.
 B = Non-inter-level travel time spent in this place.
 C = Inter-level travel time spent in this place.
 D = Time resting spent in this place.
 E = Time spent auto-exploring this place.
 F = Levels seen in this place.
 G = Mean time per level.
                   A        B        C        D        E       F      G
               +--------+--------+--------+--------+--------+-----+--------+
         Total |   9234 |   9052 |    182 |   1071 |   5863 |  11 |  839.5 |
       Dungeon |   8931 |   8749 |    182 |   1000 |   5750 |  10 |  893.1 |
       Ossuary |    303 |    303 |      0 |     71 |    113 |   1 |  303.0 |
               +--------+--------+--------+--------+--------+-----+--------+

Top non-repeatable levels by time:
     D:7: 1574 daAuts
     D:1: 1048 daAuts
     D:4: 996 daAuts
     D:8: 994 daAuts
     D:9: 989 daAuts
     D:6: 976 daAuts
     D:5: 930 daAuts
     D:2: 667 daAuts
     D:3: 648 daAuts
 Ossuary: 303 daAuts
    D:10: 104 daAuts
